 Dungeon Crawl Stone Soup version 0.31-a0-620-gd1cbd99268 (webtiles) character file.

Game seed: 13895550684008912386

95 heikuro the Shield-Bearer (level 4, -6/37 HPs)
             Began as a Formicid Fighter on Aug 23, 2023.
             Splashed by a jelly's acid (9 damage)
             ... on level 3 of the Dungeon on Aug 24, 2023.
             The game lasted 00:05:29 (1875 turns).

heikuro the Shield-Bearer (Formicid Fighter)        Turns: 1875, Time: 00:05:30

Health: -6/37      AC:  0    Str: 23    XL:     4   Next: 95%
Magic:  4/4        EV:  9    Int:  7    God:
Gold:   142        SH:  0    Dex: 13    Spells: 3/3 levels left

rFire   . . .        a - +0 war axe
rCold   . . .        i - orb {*Rage}
rNeg    . . .        b - +0 scale mail
rPois   .            (helmet unavailable)
rElec   .            (no cloak)
rCorr   .            l - +0 pair of gloves
SInv    +            (no boots)
Will    .....        (no amulet) Stlth
                     (no ring)
HPRegen 0.26/turn    (no ring)
MPRegen 0.09/turn

%: no passive effects
@: corroded
A: permanent stasis, dig shafts and tunnels, antennae 3, four strong arms
a: Dig, Shaft Self


You were on level 3 of the Dungeon.
You visited 1 branch of the dungeon, and saw 3 of its levels.

You collected 142 gold pieces.

Inventory:

Hand Weapons
 a - a +0 war axe (weapon)
Armour
 b - a +0 scale mail (worn)
 c - a +0 buckler
 i - an orb of wrath (worn)
 l - a +0 pair of gloves (worn)
Scrolls
 e - 2 scrolls of teleportation {unknown}
 f - a scroll of identify {unknown}
 g - 2 scrolls of vulnerability {unknown}
 n - a scroll of enchant armour {unknown}
Potions
 d - a potion of might


   Skills:
 + Level 3.9 Fighting
 * Level 3.3 Axes
 + Level 3.9 Armour
 + Level 4.7 Shields


You had 3 spell levels left.
You didn't know any spells.
Your spell library contained the following spells:

 Spells                   Type           Power      Damage    Failure   Level
 Freeze                   Ice            0%         1d3       75%         1
 Frozen Ramparts          Ice            0%         1d1       98%         3
 Hailstorm                Conj/Ice       0%         3d3       98%         3


Dungeon Overview and Level Annotations

Branches:
Dungeon (3/15)

Altars:

Annotations:
D:3 Grinder


Innate Abilities, Weirdness & Mutations

You cannot be hasted, slowed, berserked, paralysed or teleported.
You can dig through walls and to a lower floor.
You have a pair of large antennae on your head. (SInv)
Your four strong arms can wield two-handed weapons with a shield.


Message History

You sense a monster nearby.
A hound zombie comes into view.
Found a scroll labelled LOB YMAZEUC.
The hound zombie moves out of view.
You see here a +0 spear.
A jelly comes into view.
Found 6 stones.
The jelly moves out of view.
The jelly quivers.
The hound zombie bites you but does no damage. x2
You hit the jelly. The acid corrodes you!
Your hands burn!
The jelly is lightly wounded.
You barely miss the hound zombie. The jelly closely misses you.
The hound zombie bites you. The jelly barely misses you.
The hound zombie closely misses you.
You slash the jelly!
Your hands burn!
The jelly is almost dead.
You hit the hound zombie. The hound zombie bites you.
The jelly hits you but does no damage.
You barely miss the jelly.
The jelly is almost dead.
You hit the hound zombie but do no damage.
The hound zombie bites you. The jelly closely misses you.
The hound zombie bites you but does no damage.
The jelly hits you. The acid corrodes you!
You are splashed with acid.
You hit the jelly but do no damage.
Your hands burn!
The jelly is almost dead.
You hit the hound zombie. The hound zombie closely misses you.
The jelly hits you.
You are splashed with acid!
* * * LOW HITPOINT WARNING * * *
The hound zombie bites you.
* * * LOW HITPOINT WARNING * * *
You barely miss the hound zombie.
The hound zombie is lightly damaged.
The hound zombie barely misses you.
You hit the jelly but do no damage.
Your hands burn!
* * * LOW HITPOINT WARNING * * *
The jelly is almost dead.
The jelly hits you.
* * * LOW HITPOINT WARNING * * *
You are splashed with acid!
You die...

.# {
#.##...###...#)....
.#
#.####.....#.#.....
.### 8.
##......#........###
.... ...
#...#########.#.###.
..## ....###..##
#....... .#
.........# #.#.....
#####..)§#####
......... #....§§§8#
...#.####
#....##@§§§##.. #
#?..#.# #J8P.§...
.......§Z8§§.#..#
......(.#.#....##
###...#.........^
... ........### .#
###......# ......##
#####.


You could see a jelly and a hound zombie.

Vanquished Creatures
  Jessica (D:3)
  A hound zombie (D:3)
  An adder (D:3)
  2 dart slugs (D:1)
  7 ball pythons (D:1)
  3 endoplasms
  A giant cockroach (D:2)
  4 hobgoblins
  5 quokkas
  3 bats
  3 frilled lizards
  4 goblins
  A kobold (D:1)
  5 rats
41 creatures vanquished.

Notes
Turn   | Place    | Note
-------+----------+-------------------------------------------
     0 | D:1      | heikuro the Formicid Fighter began the quest for the Orb.
     0 | D:1      | Reached XP level 1. HP: 18/18 MP: 1/1
   176 | D:1      | Reached XP level 2. HP: 24/24 MP: 2/2
   361 | D:1      | Noticed a floating eye
   382 | D:1      | Found a faded altar of an unknown god.
   387 | D:1      | Noticed a golden eye
   387 | D:1      | Noticed a floating eye
   387 | D:1      | Noticed a floating eye
   576 | D:1      | Reached XP level 3. HP: 29/29 MP: 3/3
  1726 | D:3      | Noticed Grinder
  1768 | D:3      | Noticed Jessica
  1772 | D:3      | Killed Jessica
  1773 | D:3      | Reached XP level 4. HP: 24/37 MP: 4/4
  1875 | D:3      | Splashed by a jelly's acid

Illustrated notes

Levels and vault maps discovered:
D:1:      kennysheep_arrival_forest, layout_basic,
          hellmonk_ecumenical_altar_watching_god, amethyst_killhole,
          hangedman_decor_clover_reticule, minmay_tromino_v7
D:2:      layout_loops_ring, chequers_jeans
D:3:      layout_rooms, serial_undead, serial_undead_e, serial_undead_e,
          serial_undead_e, serial_undead_f, serial_undead_e, serial_undead_d,
          serial_undead_e, minmay_bisected, uniq_jessica, uniq_natasha,
          uniq_grinder

Skill      XL: |  1  2  3 |
---------------+----------+-----
Axes           | 3 |  3.3
Fighting       | |  3.9
Armour         | |  3.9
Shields        | |  4.7

Action                     |  1- 3 |  4- 6 || total
---------------------------+-------+-------++-------
  Melee: War axe           |   121 |    24 ||   145
    Use: Potion            |       |     4 ||     4
 Armour: Scale mail        |    59 |    19 ||    78
  Dodge: Dodged            |    69 |    18 ||    87
  Block: Buckler           |    24 |       ||    24

Table legend: (Time is in decaauts)
 A = Elapsed time spent in this place.
 B = Non-inter-level travel time spent in this place.
 C = Inter-level travel time spent in this place.
 D = Time resting spent in this place.
 E = Time spent auto-exploring this place.
 F = Levels seen in this place.
 G = Mean time per level.
                   A        B        C        D        E       F      G
               +--------+--------+--------+--------+--------+-----+--------+
         Total |   1928 |   1860 |     68 |     18 |   1060 |   3 |  642.7 |
       Dungeon |   1928 |   1860 |     68 |     18 |   1060 |   3 |  642.7 |
               +--------+--------+--------+--------+--------+-----+--------+

Top non-repeatable levels by time:
     D:1: 1068 daAuts
     D:2: 720 daAuts
     D:3: 139 daAuts
